 Dungeon Crawl Stone Soup version 0.22.1-2-g9c5b331 (webtiles) character file.

67 Kaits the Skirmisher (level 4, 0/29 HPs)
             Began as a Gargoyle Monk on Dec 28, 2018.
             Was a Believer of Kikubaaqudgha.
             Slain by an adder (1 damage)
             ... on level 3 of the Dungeon.
             The game lasted 00:26:42 (1434 turns).

Kaits the Skirmisher (Gargoyle Monk)                Turns: 1434, Time: 00:26:43

Health: 0/29       AC:  5    Str: 15    XL:     4   Next: 16%
Magic:  4/4        EV: 13    Int: 11    God:    Kikubaaqudgha [**....]
Gold:   134        SH:  0    Dex: 12    Spells: 3/3 levels left

rFire    + . .     SeeInvis .   a - +0 mace
rCold    x . .     Gourm    .   (no shield)
rNeg     + . .     Faith    .   b - +0 robe
rPois    ∞         Spirit   .   (no helmet)
rElec    +         Reflect  .   (no cloak)
rCorr    .         Harm     .   (no gloves)
MR       .....                  (no boots)
Stlth    ++........             (no amulet)
HPRegen  0.09/turn              e - ring of fire
MPRegen  0.09/turn              (no ring)

@: no status effects
A: negative energy resistance 1, electricity resistance, unbreathing,
petrification resistance, rot immunity, AC +3
a: Receive Corpses, Renounce Religion


You were on level 3 of the Dungeon.
You worshipped Kikubaaqudgha.
Kikubaaqudgha was pleased with you.
You were not hungry.

You visited 1 branch of the dungeon, and saw 3 of its levels.

You collected 134 gold pieces.

Inventory:

Hand Weapons
 a - a +0 mace (weapon)
 g - a +0 hand axe
 h - a +0 hunting sling
 j - a +0 whip
Missiles
 c - 2 steel tomahawks (quivered)
 d - 58 sling bullets
 l - 25 stones
Armour
 b - a +0 robe (worn)
Jewellery
 e - a ring of fire (left hand)
Comestibles
 f - 4 rations


   Skills:
 + Level 3.9 Fighting
 + Level 3.7 Maces & Flails
 + Level 1.0 Throwing
 + Level 2.8 Dodging
 + Level 2.4 Stealth


You had 3 spell levels left.
You didn't know any spells.
Your spell library contained the following spells:

 Spells                   Type           Power        Failure   Level  Hunger
 Animate Skeleton         Necr           N/A          34%         1    ##.....
 Pain                     Necr           #...         34%         1    ##.....
 Corpse Rot               Necr           N/A          47%         2    ###....
 Regeneration             Chrm/Necr      #.........   71%         3    ####...


Dungeon Overview and Level Annotations

Branches:
Dungeon (3/15)

Altars:
Kikubaaqudgha


Innate Abilities, Weirdness & Mutations

You are resistant to torment.
Your stone body is resilient. (AC +3)
You are immune to poison.
You resist negative energy. (rN+)
You are resistant to electric shocks. (rElec)
You can survive without breathing.
You are immune to petrification.
You are immune to rotting.


Message History

There is a stone staircase leading up here.
You barely miss the gnoll.
The gnoll is severely wounded.
The adder hisses angrily.
The gnoll barely misses you. The gnoll misses you.
You hit the gnoll.
The gnoll is almost dead.
The gnoll hits you.
* * * LOW HITPOINT WARNING * * *
The adder closely misses you.
You hit the gnoll.
You kill the gnoll!
Kikubaaqudgha accepts your kill.
Your Throwing skill increases to level 1!
The adder bites you but does no damage.
You barely miss the adder. The adder misses you. The adder bites you.
* * * LOW HITPOINT WARNING * * *
You barely miss the adder. The adder bites you.
You die...
Kikubaaqudgha rasps: "You have failed me!
Welcome... oblivion!"

## #. #. # #.
###..#/###.##
......†@S...#
#....#####..#
#.. # #


You could see an adder.

Vanquished Creatures
  2 adders (D:2)
  2 gnolls
  2 leopard geckos (D:1)
  2 ball pythons
  3 giant cockroaches
  5 goblins
  4 hobgoblins
  2 jackals (D:1)
  2 bats (D:1)
  3 frilled lizards
  A rat (D:2)
28 creatures vanquished.

Notes
Turn   | Place    | Note
-------+----------+-------------------------------------------
     0 | D:1      | Kaits the Gargoyle Monk began the quest for the Orb.
     0 | D:1      | Reached XP level 1. HP: 14/14 MP: 1/1
   301 | D:1      | Reached XP level 2. HP: 15/19 MP: 2/2
   883 | D:2      | Reached XP level 3. HP: 24/24 MP: 3/3
   935 | D:2      | Found an ancient bone altar of Kikubaaqudgha.
   954 | D:2      | Became a worshipper of Kikubaaqudgha
   954 | D:2      | Reached * piety under Kikubaaqudgha
   954 | D:2      | Identified Kikubaaqudgha's Tome of Darkness (Kikubaaqudgha
                  | gifted it to you on level 2 of the Dungeon)
   954 | D:2      | Received a gift from Kikubaaqudgha
   954 | D:2      | Reached ** piety under Kikubaaqudgha
  1411 | D:2      | Reached XP level 4. HP: 18/29 MP: 4/4
  1432 | D:3      | Reached skill level 1 in Throwing
  1433 | D:3      | HP: 1/29 [adder (2)]
  1434 | D:3      | Slain by an adder

Skill      XL: |  1  2  3  4 |
---------------+-------------+-----
Throwing       | 1 |  1.0
Fighting       | |  3.9
Maces & Flails | |  3.7
Dodging        | |  2.8
Stealth        | |  2.4

Action                   |  1- 3 |  4- 6 || total
-------------------------+-------+-------++-------
Melee: Mace              |    82 |     8 ||    90
 Fire: Hunting sling     |     6 |       ||     6
Throw: Tomahawk          |    18 |     2 ||    20
       Stone             |     2 |       ||     2
  Use: Scroll            |    10 |       ||    10
  Eat: Ration            |     1 |       ||     1
Armor: Robe              |    31 |     2 ||    33
Dodge: Dodged            |    82 |     7 ||    89
